Map: Catallena LE (Void)

Players

Yata - Winner!

  • Race: Zerg Zerg
  • League: Silver
  • Spawn Location: 12:00

A.I. 1 (Harder)

  • Race: Terran Terran
  • Spawn Location: 5:00

VOD

Have the link to the VOD?

Description

Time

  • Played on: July 23, 2017, 3:36 p.m.
  • Length: 18:08
Show
View Real Time Build Order
Export as new Build Order

Yata Zerg - Winner!

Build Orders: Hatch First 

Get SALT Encoding   

  12  0:05  Drone  
  13  0:15  Overlord  
  13  0:21  Drone  
  14  0:34  Drone x2  
  16  0:38  Drone  
  17  0:59  Hatchery  
  16  1:07  Drone x2  
  18  1:21  Extractor  
  18  1:23  Spawning Pool  
  18  1:25  Drone x2  
  18  1:35  Drone  
  19  1:43  Overlord  
  19  1:57  Drone  
  20  2:10  Drone  
  20  2:13  Queen  
  20  2:14  Queen  
  25  2:16  Zergling x4  
  25  2:21  Metabolic Boost  
  28  2:30  Drone x2  
  28  2:35  Drone  
  28  2:37  Overlord  
  30  2:54  Queen  
  32  3:01  Roach Warren, Pneumatized Carapace  
  31  3:11  Drone x3  
  31  3:12  Drone x2  
  36  3:13  Overlord  
  36  3:33  Drone x2  
  36  3:34  Drone x3  
  40  3:35  Drone  
  40  3:36  Queen  
  44  3:45  Extractor  
  43  3:49  Overlord  
  43  4:07  Queen  
  45  4:18  Hatchery  
  44  4:38  Roach x4  
  52  5:04  Lair  
  52  5:12  Baneling Nest  
  52  5:13  Zergling x2  
  52  5:14  Overlord x4  
  52  5:15  Overlord x5  
  52  5:16  Overlord x5  
  52  5:17  Overlord  
  52  5:40  Queen  
  52  5:41  Queen  
  56  5:44  Drone  
  56  5:45  Drone x7  
  64  6:03  Evolution Chamber  
  63  6:20  Queen  
  63  6:21  Spore Crawler  
  63  6:22  Spore Crawler, Queen  
  65  6:31  Roach x4  
  65  6:32  Roach x7  
  83  7:26  Drone  
  83  7:27  Drone x7  
  83  7:29  Drone  
  92  7:35  Hatchery  
  92  7:36  Queen  
  92  7:37  Queen x2  
  93  7:40  Zerg Missile Weapons Level 1  
  93  7:42  Glial Reconstitution  
  97  7:59  Extractor  
  97  8:02  Extractor  
  95  8:45  Drone  
  95  8:46  Drone x12  
  95  8:47  Drone x3  
  111  8:51  Queen  
  107  9:40  Zerg Missile Weapons Level 2, Hydralisk Den  
  104  9:53  Roach  
  104  9:54  Roach x16  
  134  10:36  Zergling x2  
  134  10:37  Roach x9  
  125  10:57  Zergling x28  
  122  10:58  Zergling x2  
  123  11:12  Zergling x2  
  123  11:13  Zergling x8  
  124  11:21  Queen  
  124  11:22  Queen x2  
  130  11:31  Queen  
  132  11:36  Muscular Augments  
  130  11:46  Infestation Pit  
  112  11:56  Extractor  
  112  11:58  Extractor  
  102  12:27  Hydralisk x11  
  122  12:54  Hatchery  
  122  12:56  Hive  
  121  13:06  Spire  
  120  13:32  Hydralisk x13  
  131  14:13  Hydralisk x12  
  155  14:23  Mutalisk  
  155  14:25  Drone  
  158  14:33  Zergling x22  
  158  14:36  Queen x2  
  158  14:37  Queen  
  158  14:38  Queen  
  177  14:58  Drone x5  
  176  15:10  Zergling x12  
  176  15:11  Zergling x8  
  176  15:13  Queen  
  180  15:22  Zergling x2  
  180  15:28  Overlord x11  
  181  15:29  Overlord  
  181  15:48  Queen  
  181  15:49  Drone  
  182  15:50  Drone x9  
  182  15:53  Queen x2  
  182  15:55  Queen  
  191  16:01  Ultralisk Cavern  
  190  16:05  Zergling x20  
  175  16:39  Zergling x28  
  189  16:40  Zergling x8  
  188  17:00  Zergling x12  
Show
View Real Time Build Order
Export as new Build Order

A.I. 1 (Harder) Terran 

Build Orders: MMM Bio 

Get SALT Encoding   

  12  0:00  SCV  
  13  0:13  SCV  
  14  0:19  Supply Depot  
  14  0:25  SCV  
  15  0:40  SCV  
  16  0:43  Barracks  
  16  0:50  Refinery  
  16  0:52  SCV  
  17  1:05  SCV  
  18  1:17  SCV  
  19  1:21  Supply Depot  
  19  1:29  SCV  
  19  1:30  Marine  
  21  1:40  Barracks  
  21  1:41  Orbital Command  
  21  1:48  Marine  
  21  1:49  Refinery  
  22  2:07  Supply Depot, Barracks Tech Lab  
  22  2:25  Marine  
  23  2:34  Marine  
  24  2:37  Factory  
  24  2:43  Marine  
  25  2:51  Supply Depot  
  25  2:52  Marine  
  26  3:02  Marine  
  27  3:11  Marine  
  28  3:21  Marauder  
  28  3:23  Starport  
  30  3:37  SCV  
  31  3:43  Supply Depot, Marauder  
  33  3:49  SCV  
  34  3:58  Engineering Bay  
  34  4:01  SCV  
  34  4:02  Starport Tech Lab  
  35  4:04  Marauder  
  37  4:13  SCV  
  38  4:25  SCV, Marauder  
  38  4:28  Banshee  
  44  4:37  SCV  
  45  4:52  SCV  
  45  5:11  Banshee  
  48  5:59  Reaper, Barracks Tech Lab  
  48  6:00  Terran Infantry Weapons Level 1, Stimpack  
  48  6:02  Factory, Factory Tech Lab  
  49  6:05  Supply Depot  
  49  6:06  Command Center  
  49  6:09  Starport  
  49  6:11  Missile Turret  
  49  6:16  Combat Shields  
  49  6:17  Reaper  
  50  6:30  Supply Depot  
  50  6:31  Marine  
  51  6:39  Missile Turret  
  51  6:45  Factory Tech Lab  
  51  6:47  Starport Tech Lab  
  51  6:49  Reaper, Marine  
  53  6:55  Supply Depot  
  53  6:59  Bunker  
  51  7:06  Marine  
  49  7:14  Raven  
  51  7:17  SCV  
  51  7:18  SCV  
  51  7:22  Marauder  
  55  7:25  Reaper  
  55  7:27  Missile Turret  
  55  7:29  Refinery, SCV  
  57  7:30  SCV  
  57  7:32  Refinery  
  57  7:35  Concussive Shells  
  58  7:42  SCV  
  58  7:43  SCV, Marauder  
  62  7:52  Missile Turret  
  62  7:54  Terran Infantry Armor Level 1, SCV  
  62  7:55  Raven, SCV  
  62  7:56  Marine  
  67  8:04  Marine  
  68  8:06  SCV  
  68  8:07  SCV  
  68  8:09  Sensor Tower  
  70  8:14  Marine  
  70  8:17  Bunker  
  70  8:18  SCV  
  70  8:19  SCV  
  73  8:22  Marine  
  73  8:30  SCV  
  73  8:31  Armory  
  73  8:32  Marine, SCV  
  76  8:39  Marine  
  77  8:42  SCV  
  77  8:44  Barracks  
  77  8:45  SCV  
  79  8:50  Marine  
  79  8:54  SCV  
  81  8:57  Marine, SCV  
  81  8:58  Supply Depot  
  83  9:06  SCV  
  83  9:08  Marine  
  85  9:15  Marine  
  86  9:30  SCV  
  86  9:32  Barracks Reactor, SCV  
  84  9:42  SCV  
  84  9:44  SCV  
  79  9:54  SCV  
  79  9:56  SCV  
  81  10:06  SCV  
  82  10:08  SCV  
  82  10:14  Medivac x2, Marauder  
  85  10:17  Marauder  
  85  10:18  Factory  
  85  10:19  SCV  
  85  10:20  SCV  
  93  10:21  Starport  
  93  10:23  Ghost Academy  
  93  10:25  Supply Depot, Command Center  
  72  10:44  Medivac, Raven  
  72  10:45  Marine  
  72  10:49  Marine  
  73  10:52  Marine  
  73  10:57  Starport Reactor, Marine  
  73  11:01  Factory Tech Lab  
  73  11:03  Marine  
  75  11:06  Marine  
  75  11:10  Marine  
  70  11:13  Raven  
  70  11:15  Marine  
  65  11:21  Marine  
  65  11:25  Marauder  
  68  11:27  Raven  
  68  11:28  Marine  
  71  11:33  Marine  
  71  11:39  Marine  
  73  11:46  Marine, Marauder  
  74  11:51  Marine  
  68  11:57  Marine  
  61  12:03  Marine  
  61  12:07  Marine  
  57  12:08  Marine  
  57  12:14  Marine  
  57  12:21  Marine  
  56  12:25  Marine  
  56  12:26  Marine  
  58  12:33  Marauder  
  60  12:39  Marine  
  60  12:43  Marine  
  62  12:44  Marine  
  62  12:48  SCV  
  64  12:51  SCV  
  64  12:53  SCV  
  64  12:54  Marauder  
  64  12:57  Marine  
  69  13:00  SCV  
  69  13:01  Marauder  
  69  13:02  Terran Infantry Weapons Level 2, Marine  
  69  13:04  SCV  
  74  13:06  SCV  
  75  13:13  SCV  
  75  13:15  Marine  
  75  13:16  SCV, Marauder  
  75  13:18  SCV  
  81  13:20  Marine  
  81  13:22  Marine  
  81  13:23  Terran Vehicle Weapons Level 1  
  81  13:25  SCV  
  84  13:28  SCV  
  84  13:30  SCV  
  86  13:37  Marauder  
  86  13:40  Marauder  
  90  13:45  Hellion  
  92  13:49  Siege Tank  
  92  13:55  Siege Tank  
  92  13:57  Ghost, Marine  
  92  13:59  Marine  
  92  14:01  Marine  
  92  14:02  Raven  
  81  14:06  Raven  
  81  14:12  Hellion  
  81  14:14  Marine  
  81  14:17  Marine  
  83  14:19  Marine  
  83  14:21  Siege Tank  
  88  14:26  Marine  
  88  14:27  Siege Tank  
  92  14:32  Marine  
  92  14:33  Hellion  
  92  14:34  Marine  
  92  14:37  Marine  
  97  14:39  Refinery  
  97  14:44  Marine  
  97  14:45  Raven  
  100  14:46  Supply Depot  
  100  14:50  Marine  
  100  14:52  Marine  
  100  14:54  Marine, Siege Tank, Hellion  
  100  14:55  Refinery  
  100  14:59  Siege Tank  
  110  15:05  Marine  
  110  15:07  Medivac  
  105  15:11  Marine  
  105  15:13  Marine  
  78  15:15  Siege Tank  
  78  15:16  Medivac, Marine  
  78  15:20  Medivac  
  80  15:23  Marine  
  80  15:26  Siege Tank  
  80  15:28  Viking  
  70  15:29  Marine  
  70  15:31  Marine  
  70  15:33  Marine, Hellion  
  70  15:35  Command Center  
  65  15:41  Marine  
  66  15:47  Siege Tank, Marine  
  65  15:55  Siege Tank  
  29  16:31  SCV  
  27  16:34  SCV  
  28  16:43  SCV  
  28  16:46  SCV  
  22  16:49  SCV, Command Center  
  22  16:53  Marine  
  21  16:59  SCV  
  20  17:04  SCV  
  20  17:06  Marine  
  17  17:42  SCV  
  18  17:46  Supply Depot, SCV  
Tags
 
Composition
MMM Bio
League
Silver
Matchup
TvZ
Replay Pack
Pack 1
Spawn Locations
Cross Positions
Add a new tag
Caveats
  • Supply blocks, unpowered buildings, or Contaminate may cause inaccurate times.
  • Supply counts are checked every 10 seconds.